 Dungeon Crawl Stone Soup version 0.26-a0-1132-ge9770dfcb6 (webtiles) character file.

Game seed: 7859658453798559182

115 sahdkjhfkaj the Shield-Bearer (level 5, -1/41 HPs)
             Began as a Human Fighter on Dec 21, 2020.
             Slain by an ogre
             ... wielding a +0 giant club
              (21 damage)
             ... on level 2 of the Dungeon.
             The game lasted 00:03:14 (3638 turns).

sahdkjhfkaj the Shield-Bearer (Human Fighter)       Turns: 3638, Time: 00:03:14

Health: -1/41      AC:  7    Str: 18    XL:     5   Next: 20%
Magic:  5/5        EV:  8    Int:  8    God:
Gold:   96         SH:  9    Dex: 12    Spells: 4/4 levels left

rFire    . . .     SeeInvis .   a - +0 war axe
rCold    + . .     Faith    .   c - +0 kite shield
rNeg     . . .     Spirit   .   b - +0 scale mail
rPois    .         Reflect  .   p - +0 helmet
rElec    .         Harm     .   (no cloak)
rCorr    .         Rampage  .   (no gloves)
Will     .....                  (no boots)
Stlth    ..........             (no amulet)
HPRegen  0.13/turn              i - ring of protection from cold
MPRegen  0.09/turn              (no ring)

@: no status effects
A: no striking features
a: no special abilities


You were on level 2 of the Dungeon.
You visited 1 branch of the dungeon, and saw 3 of its levels.

You collected 96 gold pieces.

Inventory:

Hand Weapons
 a - a +0 war axe (weapon)
Missiles
 s - 4 poisoned darts (quivered)
Armour
 b - a +0 scale mail (worn)
 c - a +0 kite shield (worn)
 p - a +0 helmet (worn)
Jewellery
 i - a ring of protection from cold (left hand)
Scrolls
 e - a scroll of enchant weapon
 f - 2 scrolls of teleportation {!r}
 j - a scroll of amnesia
 k - 2 scrolls of enchant armour {unknown}
 l - 2 scrolls of remove curse {unknown}
 m - a scroll of random uselessness {unknown}
 n - a scroll of immolation {unknown}
 q - 2 scrolls of identify
Potions
 d - a potion of might
 g - 2 potions of heal wounds {unknown}
 h - 2 potions of curing {unknown}
 o - 2 potions of lignification {unknown}


   Skills:
 + Level 3.1 Fighting
 + Level 3.1 Axes
 + Level 3.1 Armour
 + Level 3.1 Dodging
 + Level 3.1 Shields


You had 4 spell levels left.
You didn't know any spells.
Your spell library was empty.

Dungeon Overview and Level Annotations

Branches:
Dungeon (3/15)

Altars:
Vehumet


Message History

The ogre looks more healthy.
You aren't carrying any items that you can evoke.
Throw: 5 darts (poison)
Press: ? - help, Q - select action Shift-Dir - straight line, f - ogre
Aim: an ogre, wielding a +0 giant club (lightly wounded)
You throw a poisoned dart. The poisoned dart hits the ogre.
The ogre is poisoned.
The ogre is lightly wounded.
You block the ogre's attack.
You completely miss the ogre.
The ogre is moderately wounded.
The ogre hits you with a +0 giant club!
You closely miss the ogre.
The ogre is moderately wounded.
The ogre hits you with a +0 giant club!
You slash the ogre!
The ogre is severely wounded.
The ogre hits you with a +0 giant club!!
Ouch! That really hurt!
You die...

############.###.# #..##.#####
#..............#.###.....รท...#
###.########.#.#.##...........
#.# #.#...##........... #.#
#.#...##.####..#..#
#.########.#...##.# #..#..#
#.##...........##.# #..#..#
#.##.#####.#...##.####..#..#
#.##.#####.@.........#......
#..........#O..##.#.###.#..#
####.###...#.(..#....(.....#
#.###........#.#.###<##.#
#...#............######.#
####.#........)..........#
#.......#...#.#>..........
#.#.###.#...#.#.#....###.#
#.#.# #.#...#.#........#.#


You could see an ogre (poisoned).

Vanquished Creatures
  2 adders (D:2)
  2 worms (D:3)
  3 dart slugs (D:1)
  2 leopard geckos
  4 orcs
  A ball python (D:1)
  5 giant cockroaches
  5 goblins
  13 hobgoblins
  3 jackals (D:2)
  11 kobolds
  A quokka (D:3)
  11 bats
  11 rats
74 creatures vanquished.

Notes
Turn   | Place    | Note
-------+----------+-------------------------------------------
     0 | D:1      | sahdkjhfkaj the Human Fighter began the quest for the Orb.
     0 | D:1      | Reached XP level 1. HP: 18/18 MP: 1/1
    87 | D:1      | Reached XP level 2. HP: 24/24 MP: 2/2
   287 | D:1      | Reached skill level 1 in Dodging
   287 | D:1      | Reached XP level 3. HP: 29/29 MP: 3/3
  1057 | D:2      | Reached XP level 4. HP: 13/35 MP: 4/4
  2522 | D:3      | Found a radiant altar of Vehumet.
  2731 | D:3      | Reached XP level 5. HP: 41/41 MP: 5/5
  3295 | D:3      | Noticed an ogre
  3638 | D:2      | Slain by an ogre

Illustrated notes

Levels and vault maps discovered:
D:1:      dpeg_arrival_fog, layout_loops_ring
D:2:      layout_basic, st_stairs_7, guppyfry_early_orc_mine
D:3:      layout_basic, overflow_temple_1_default,
          nicolae_overflow_hidden_temple, minmay_joined_circles

Skill      XL: |  1  2  3  4 |
---------------+-------------+-----
Axes           | 3 |  3.1
Dodging        | 1 2 3 |  3.1
Fighting       | |  3.1
Armour         | |  3.1
Shields        | |  3.1

Action                   |  1- 3 |  4- 6 || total
-------------------------+-------+-------++-------
Melee: War axe           |   113 |   136 ||   249
Throw: Dart              |       |     3 ||     3
  Use: Scroll            |     3 |     1 ||     4
Armor: Scale mail        |    38 |    51 ||    89
Dodge: Dodged            |    27 |    66 ||    93
Block: Kite shield       |    77 |    79 ||   156

Table legend: (Time is in decaauts)
 A = Elapsed time spent in this place.
 B = Non-inter-level travel time spent in this place.
 C = Inter-level travel time spent in this place.
 D = Time resting spent in this place.
 E = Time spent auto-exploring this place.
 F = Levels seen in this place.
 G = Mean time per level.
                   A        B        C        D        E       F      G
               +--------+--------+--------+--------+--------+-----+--------+
         Total |   3748 |   3714 |     34 |    164 |   2860 |   3 | 1249.3 |
       Dungeon |   3748 |   3714 |     34 |    164 |   2860 |   3 | 1249.3 |
               +--------+--------+--------+--------+--------+-----+--------+

Top non-repeatable levels by time:
     D:2: 1404 daAuts
     D:3: 1318 daAuts
     D:1: 1025 daAuts
